 Dungeon Crawl Stone Soup version 0.19-a0-1895-g783e625 (webtiles) character file.

104 HumanTension the Shield-Bearer (level 4, 0/41 HPs)
             Began as a Minotaur Fighter on Oct 19, 2016.
             Slain by an orc warrior
             ... wielding a +0 battleaxe
              (15 damage)
             ... on level 2 of the Dungeon.
             The game lasted 00:07:52 (1214 turns).

HumanTension the Shield-Bearer (Minotaur Fighter)   Turns: 1214, Time: 00:07:53

Health: 0/41       AC: 11    Str: 22    XL:     4   Next: 52%
Magic:  3/3        EV:  4    Int:  5    God:
Gold:   47         SH:  9    Dex:  9    Spells: 0 memorised, 3 levels left

rFire  . . .     SeeInvis .     a - +0 long sword
rCold  . . .     Gourm    .     i - +0 plate armour
rNeg   . . .     Faith    .     c - +0 shield
rPois  .         Spirit   .     (helmet restricted)
rElec  .         Reflect  .     (no cloak)
rCorr  .         Harm     .     (no gloves)
MR     .....                    (no boots)
Stlth  ..........               (no amulet)
                                (no ring)
                                (no ring)

@: no status effects
A: retaliatory headbutt, horns 2
a: no special abilities


You were on level 2 of the Dungeon.
You were very hungry.

You visited 1 branch of the dungeon, and saw 3 of its levels.

You collected 47 gold pieces.

Inventory:

Hand Weapons
 a - a +0 long sword (weapon)
 g - a +5 short sword
 j - a +2 hand axe of flaming
 s - a +2 mace of protection
Armour
 c - a +0 shield (worn)
 i - a +0 plate armour (worn)
Jewellery
 p - a cursed -3 ring of dexterity {unknown}
Scrolls
 b - a scroll of remove curse {unknown}
 k - 2 scrolls of identify {unknown}
 n - 2 scrolls of teleportation {unknown}
 o - a scroll of magic mapping {unknown}
 t - a scroll of fog {unknown}
Potions
 d - a potion of might
 e - a potion of curing {unknown}
 h - 4 potions of flight {unknown}
 l - a potion of mutation {unknown}
 u - a potion of brilliance {unknown}
Comestibles
 f - a bread ration
 m - a slice of pizza
 q - a meat ration
 r - a beef jerky
 v - 5 fruits


   Skills:
 + Level 4.4 Fighting
 + Level 3.4 Long Blades
 + Level 4.2 Armour
 + Level 0.4 Dodging
 + Level 0.1 Stealth
 + Level 4.7 Shields


You had 3 spell levels left.
You didn't know any spells.

Dungeon Overview and Level Annotations

Branches:
Dungeon (3/15)

Altars:


Innate Abilities, Weirdness & Mutations

You reflexively headbutt those who attack you in melee.
You have a pair of horns on your head.


Message History

There isn't anything here!
You hear the slow rusting of a distant drain.
You feel less confused.
There is an escape hatch in the ceiling here.
The leopard gecko bites you but does no damage.
You block the leopard gecko's attack. A mysterious force pulls you upwards.
The hatch slams shut behind you.
A kobold comes into view. It is wielding a dagger.
The kobold throws a stone.
The stone hits you but does no damage.
You see here a stone.
You hit the orc warrior but do no damage.
The kobold throws a stone.
The stone barely misses you.
The stone closely misses the orc warrior.
The orc warrior barely misses you. You furiously retaliate!
You headbutt the orc warrior, but do no damage.
The leopard gecko bites you.
You closely miss the orc warrior.
The leopard gecko bites you but does no damage.
The orc warrior hits you with a battleaxe!
You die...

#..###.#
#......##################
#.>.....................#
#.......................#.#
###.###################.#.# #.#
#.........# #.#
########.........# #.#
##...l....)####...### #.#
#.K.@o..(..#.†#...... #.#
#..........#.[)...... #.#
#..........####......
##'#######'####.............
#..........# ##........#...
######..........######.####.##...
#.........).................##...
#.####################.#######...
#.# #.......'...


You could see an orc warrior, a leopard gecko and a kobold.

Vanquished Creatures
  Terence (D:2)
  2 adders (D:2)
  2 dart slugs (D:1)
  4 leopard geckos
  2 orcs (D:3)
  4 bats
  A giant cockroach (D:1)
  6 goblins
  8 hobgoblins
  2 jackals (D:1)
  5 frilled lizards
  6 kobolds
  5 rats
  A plant (D:2)
49 creatures vanquished.

Notes
Turn   | Place    | Note
-------+----------+-------------------------------------------
     0 | D:1      | HumanTension the Minotaur Fighter began the quest for the Orb.
     0 | D:1      | Reached XP level 1. HP: 19/19 MP: 0/0
    81 | D:1      | Reached XP level 2. HP: 27/27 MP: 1/1
   251 | D:1      | Reached XP level 3. HP: 33/33 MP: 2/2
   573 | D:2      | Noticed Terence
   583 | D:2      | Killed Terence
   683 | D:2      | Reached XP level 4. HP: 41/41 MP: 3/3
  1196 | D:3      | Noticed an orc warrior
  1214 | D:2      | Slain by an orc warrior

Vault maps used:
D:1:      zaba_arrival_water, hangedman_decor_points
D:2:      corexii_shack, uniq_terence
D:3:      gup_sewer_entry_spiral, first_bread

Skill      XL: |  1  2  3 |
---------------+----------+-----
Fighting       | 4 |  4.4
Shields        | 4 |  4.7
Long Blades    | 3 |  3.4
Armour         | 4 |  4.2
Dodging        | |  0.4
Stealth        | |  0.1

Action                   |  1- 3 |  4- 6 || total
-------------------------+-------+-------++-------
Melee: Long sword        |    81 |    63 ||   144
       Headbutt          |    17 |    11 ||    28
Armor: Scale mail        |    23 |       ||    23
       Plate armour      |    12 |    17 ||    29
Dodge: Dodged            |    17 |    12 ||    29
Block: Shield            |    48 |    23 ||    71
       Rpst.: Long sword |     6 |     3 ||     9
